 Dungeon Crawl Stone Soup version 0.28.0-45-g0d030f2227 (webtiles) character file.

Game seed: 8159643151109441484

37 Kaptain the Digger (level 3, -2/18 HPs)
             Began as a Gargoyle Earth Elementalist on Apr 14, 2022.
             Frozen to death by an endoplasm (3 damage)
             ... on level 2 of the Dungeon.
             The game lasted 00:02:14 (1627 turns).

Kaptain the Digger (Gargoyle Earth Elementalist)    Turns: 1627, Time: 00:02:14

Health: -2/18      AC:  5    Str: 11    XL:     3   Next: 41%
Magic:  6/6        EV: 12    Int: 21    God:
Gold:   68         SH:  0    Dex: 12    Spells: 5/6 levels left

rFire   . . .      SeeInvis .   i - +0 hand axe
rCold   . . .      Faith    .   (no shield)
rNeg    + . .      Spirit   .   b - +0 robe
rPois   ∞          Reflect  .   (no helmet)
rElec   +          Harm     .   (no cloak)
rCorr   .          Rampage  .   (no gloves)
Will    .....                   (no boots)
Stlth   ++........              (no amulet)
HPRegen 0.06/turn               e - +6 ring of intelligence
MPRegen 0.10/turn               (no ring)

@: no status effects
A: sickness immunity, AC +3, negative energy resistance 1, electricity
resistance, torment resistance 1, petrification resistance, agile 1, dopey 1,
frail 1
a: no special abilities


You were on level 2 of the Dungeon.
You visited 1 branch of the dungeon, and saw 2 of its levels.

You collected 68 gold pieces.

Inventory:

Hand Weapons
 d - a +0 spear
 i - a +0 hand axe (weapon)
Missiles
 c - 55 stones
Armour
 b - a +0 robe (worn)
 h - a +0 kite shield
Jewellery
 e - a +6 ring of intelligence (left hand)
Scrolls
 a - a scroll of teleportation {unknown}
 j - a scroll of identify {unknown}
Potions
 f - a potion of mutation
 g - a potion of attraction {unknown}
 k - a potion of heal wounds {unknown}


   Skills:
 * Level 1.1 Fighting
 + Level 0.8 Armour
 - Level 1.6 Dodging
 - Level 2.1 Stealth
 + Level 0.3 Shields
 * Level 2.2 Spellcasting
 * Level 1.3 Conjurations
 - Level 0.7 Transmutations
 * Level 4.0 Earth Magic


You had 5 spell levels left.
You knew the following spells:

 Your Spells              Type           Power      Damage    Failure   Level
a - Sandblast             Erth           38%        2d10      2%          1

Your spell library contained the following spells:

 Spells                   Type           Power      Damage    Failure   Level
 Passwall                 Tmut/Erth      10%        N/A       9%          2
 Stone Arrow              Conj/Erth      26%        3d8       14%         3
 Petrify                  Tmut/Erth      12%        N/A       47%         4


Dungeon Overview and Level Annotations

Branches:
Dungeon (2/15)

Altars:


Innate Abilities, Weirdness & Mutations

You are immune to sickness and miasma.
Your stone body is resilient. (AC +3)
You are immune to poison.
You resist negative energy. (rN+)
You are resistant to electric shocks. (rElec)
You are resistant to unholy torment.
You are immune to petrification.
You are agile. (Dex +2)
You are dopey. (Int -2)
You are frail. (-10% HP)


Message History

There is an open door here.
There is an open door here.
You see here a +0 dagger.
You open the door.
Found a hand axe.
There is an open door here.
You see here a +0 hand axe.
An endoplasm comes into view.
Found a book of Displacement.
The endoplasm quivers.
An endoplasm is nearby!
You hit the endoplasm.
The endoplasm is lightly wounded.
The endoplasm freezes you.
You are frozen.
The endoplasm hits you but does no damage.
You hit the endoplasm.
The endoplasm is lightly wounded.
The endoplasm freezes you.
You are frozen.
You hit the endoplasm but do no damage.
The endoplasm is lightly wounded.
The endoplasm freezes you.
You are frozen.
You hit the endoplasm but do no damage.
The endoplasm is lightly wounded.
The endoplasm freezes you.
You are frozen.
* * * LOW HITPOINT WARNING * * *
The endoplasm hits you but does no damage.
You hit the endoplasm.
The endoplasm is severely wounded.
The endoplasm freezes you.
You are frozen.
* * * LOW HITPOINT WARNING * * *
It was a potion of mutation.
You feel extremely strange.
You feel stupid.
You feel agile.
You feel frail. The endoplasm freezes you.
You are frozen.
You die...

#........#
#.#
#........#
###
####+#'###
..# #.#.#
#.# #.#.#
#.#
#####.#)#
#.#
###.......#
#.#
........#.#
#.##
###.#..@#.#
#.#.
#.#J#.#
####.#)
#.#.#.#
#...... #
#.#.#
#.##.#.
#:...
#.##.#.
#.#.#
#.##.#. ###
#....#.
#.##.#.
######.


You could see an endoplasm.

Vanquished Creatures
  A worm (D:2)
  A dart slug (D:2)
  2 endoplasms (D:1)
  2 goblins (D:2)
  3 hobgoblins
  8 jackals
  3 quokkas
  2 bats (D:1)
  A frilled lizard (D:1)
  3 kobolds
  3 rats
29 creatures vanquished.

Notes
Turn   | Place    | Note
-------+----------+-------------------------------------------
     0 | D:1      | Kaptain the Gargoyle Earth Elementalist began the quest for
                  | the Orb.
     0 | D:1      | Reached XP level 1. HP: 10/10 MP: 3/3
   358 | D:1      | Reached XP level 2. HP: 11/16 MP: 5/5
   617 | D:1      | Found a faded altar of an unknown god.
  1176 | D:2      | Reached skill level 1 in Conjurations
  1177 | D:2      | Reached skill level 1 in Fighting
  1177 | D:2      | Reached skill level 4 in Earth Magic
  1233 | D:2      | Reached XP level 3. HP: 20/20 MP: 6/6
  1626 | D:2      | HP: 1/20 [frozen (5)]
  1627 | D:2      | Gained mutation: You are dopey. (Int -2) [potion of
                  | mutation]
  1627 | D:2      | Gained mutation: You are agile. (Dex +2) [potion of
                  | mutation]
  1627 | D:2      | Gained mutation: You are frail. (-10% HP) [potion of
                  | mutation]
  1627 | D:2      | Frozen to death by an endoplasm

Illustrated notes

Levels and vault maps discovered:
D:1:      dpeg_arrival_leaves_temple_mockup, layout_basic,
          hellmonk_ecumenical_altar_leap_of_faith, serial_bayou_pond_d
D:2:      layout_basic, hangedman_decor_points

Skill      XL: |  1  2 |
---------------+-------+-----
Conjurations   | 1 |  1.3
Fighting       | 1 |  1.1
Earth Magic    | 4 |  4.0
Armour         | |  0.8
Dodging        | |  1.6
Stealth        | |  2.1
Shields        | |  0.3
Spellcasting   | |  2.2
Transmutations | |  0.7

Action                   || total
-------------------------++-------
Melee: Spear             ||    20
       Punch             ||     2
       Hand axe          ||    63
 Cast: Sandblast         ||    17
  Use: Potion            ||     1
 Stab: Sleeping          ||     2
Armor: Robe              ||    27
Dodge: Dodged            ||    68
